 Dungeon Crawl Stone Soup version 0.27-a0-1273-gec92ba881d (webtiles) character file.

Game seed: 8862515422222684223

609 bilbop the Bolt Thrower (level 7, -3/43 HPs)
             Began as a Kobold Hunter on June 12, 2021.
             Slain by an iguana (6 damage)
             ... on level 4 of the Dungeon.
             The game lasted 00:19:56 (4393 turns).

bilbop the Bolt Thrower (Kobold Hunter)             Turns: 4393, Time: 00:19:57

Health: -3/43      AC:  4    Str: 10    XL:     7   Next: 71%
Magic:  7/7        EV: 16    Int: 12    God:
Gold:   185        SH:  0    Dex: 17    Spells: 6/6 levels left

rFire    . . .     SeeInvis .   a - +1 hand crossbow
rCold    . . .     Faith    .   (shield restricted)
rNeg     . . .     Spirit   .   c - +0 leather armour
rPois    +         Reflect  .   e - +0 helmet
rElec    .         Harm     .   (no cloak)
rCorr    .         Rampage  .   (no gloves)
Will     +....                  (no boots)
Stlth    ++++......             (no amulet)
HPRegen  0.14/turn              v - ring of poison resistance
MPRegen  0.10/turn              j - ring of willpower

@: no status effects
A: small, no large weapons, nightstalker 3
a: no special abilities


You were on level 4 of the Dungeon.
You visited 1 branch of the dungeon, and saw 4 of its levels.

You collected 185 gold pieces.

Inventory:

Hand Weapons
 a - a +1 hand crossbow (weapon)
 b - a +0 dagger
 f - a +0 short sword
 h - a +0 whip
Missiles
 d - 10 bolts (quivered ammo)
Armour
 c - a +0 leather armour (worn)
 e - a +0 helmet (worn)
Jewellery
 g - a ring of wizardry
 j - a ring of willpower (right hand)
 v - a ring of poison resistance (left hand)
Wands
 p - a wand of iceblast (7)
Scrolls
 i - 2 scrolls of fog {unknown}
 m - 2 scrolls of identify {unknown}
 n - a scroll of teleportation {unknown}
 o - a scroll of enchant armour {unknown}
 q - a scroll of enchant weapon {unknown}
 r - 3 scrolls of magic mapping {unknown}
 s - a scroll of noise {unknown}
Potions
 k - 2 potions of magic {unknown}
 l - 3 potions of attraction {unknown}
 t - 2 potions of curing {unknown}
 u - a potion of haste {unknown}


   Skills:
 + Level 4.2 Fighting
 + Level 4.2 Short Blades
 + Level 6.3 Crossbows
 + Level 4.8 Dodging
 + Level 5.0 Stealth


You had 6 spell levels left.
You didn't know any spells.
Your spell library contained the following spells:

 Spells                   Type           Power      Damage    Failure   Level
 Magic Dart               Conj           0%         1d3       41%         1
 Blink                    Tloc           N/A        N/A       56%         2
 Call Imp                 Summ           0%         N/A       56%         2
 Slow                     Hex            0%         N/A       56%         2
 Conjure Flame            Conj/Fire      0%         6-21      80%         3
 Mephitic Cloud           Conj/Pois/Air  0%         N/A       80%         3


Dungeon Overview and Level Annotations

Branches:
Dungeon (4/15)
 Temple: D:4-7

Altars:
Makhleb
Vehumet


Innate Abilities, Weirdness & Mutations

You are small and have problems with some larger weapons.
You are completely attuned to the shadows.


Message History

You barely miss the iguana.
The iguana is lightly wounded.
The iguana bites you!
You closely miss the iguana.
The iguana is lightly wounded.
The iguana bites you.
You hit the iguana but do no damage.
The iguana is lightly wounded.
The iguana completely misses you.
You barely miss the iguana.
The iguana is lightly wounded.
You completely miss the iguana.
The iguana is lightly wounded.
The iguana bites you.
You hit the iguana but do no damage.
The iguana is lightly wounded.
The iguana bites you!
You hit the iguana but do no damage.
The iguana is lightly wounded.
The iguana completely misses you.
You hit the iguana but do no damage.
The iguana is lightly wounded.
The iguana bites you!
* * * LOW HITPOINT WARNING * * *
a - a +1 hand crossbow (weapon)
There is a stone staircase leading up here.
Fire: 12 bolts
Press: ? - help, Q - select action, (/) - cycle Shift-Dir - straight line, f/p - iguana
Aim: an iguana (lightly wounded, 72% to hit)
You shoot a bolt. The bolt hits the iguana!
The iguana is heavily wounded.
The iguana bites you.
* * * LOW HITPOINT WARNING * * *
Fire: 11 bolts
Press: ? - help, Q - select action, (/) - cycle Shift-Dir - straight line, f/p - iguana
Aim: an iguana (heavily wounded, 72% to hit)
You shoot a bolt. The bolt hits the iguana.
The iguana is severely wounded.
The iguana bites you.
You die...

####..##..#.##
#..##...... #........#
(..# #.....#### #.#(.#
#..#..# #.#(. .....)#
#.#.# ##.#.##
.####.#l#######.#.#
.......@........#.###
#####.................
#.......###..........)
#)####### #.#########.
#.# #.# #.# #.# #.#
#.# #.# #.# #.# #.#


You could see an iguana.

Vanquished Creatures
  Sigmund (D:3)
  An ogre (D:4)
  2 scorpions (D:4)
  Jessica (D:2)
  Terence (D:2)
  An orc wizard (D:4)
  Robin (D:2)
  5 adders
  3 gnolls (D:2)
  3 dart slugs
  2 orcs (D:3)
  8 ball pythons
  5 endoplasms
  7 giant cockroaches
  6 goblins
  9 hobgoblins
  11 jackals
  6 quokkas
  6 bats
  A frilled lizard (D:1)
  8 kobolds
  7 rats
95 creatures vanquished.

Notes
Turn   | Place    | Note
-------+----------+-------------------------------------------
     0 | D:1      | bilbop the Kobold Hunter began the quest for the Orb.
     0 | D:1      | Reached XP level 1. HP: 12/12 MP: 1/1
   164 | D:1      | Reached XP level 2. HP: 12/18 MP: 2/2
   194 | D:1      | Reached skill level 5 in Crossbows
   234 | D:1      | Reached skill level 1 in Short Blades
   436 | D:1      | Reached XP level 3. HP: 22/22 MP: 3/3
   578 | D:1      | Found a faded altar of an unknown god.
  1076 | D:2      | Reached XP level 4. HP: 21/27 MP: 4/4
  1476 | D:2      | Noticed Jessica
  1478 | D:2      | Killed Jessica
  1479 | D:2      | Reached XP level 5. HP: 32/32 MP: 5/5
  1558 | D:2      | Found a burning altar of Makhleb.
  1558 | D:2      | Noticed Terence
  1574 | D:2      | Killed Terence
  2006 | D:2      | Noticed Robin
  2018 | D:2      | Killed Robin
  2414 | D:3      | Noticed Sigmund
  2420 | D:3      | Killed Sigmund
  2421 | D:3      | Reached XP level 6. HP: 22/38 MP: 6/6
  3424 | D:4      | Reached skill level 6 in Crossbows
  3424 | D:4      | Reached XP level 7. HP: 18/42 MP: 7/7
  3622 | D:4      | Found a radiant altar of Vehumet.
  4267 | D:4      | Reached skill level 5 in Stealth
  4392 | D:4      | HP: 2/43 [iguana (5)]
  4393 | D:4      | Slain by an iguana

Illustrated notes

Levels and vault maps discovered:
D:1:      lemuel_arrival_cross, layout_basic, ebering_ecumenical_altar_hall,
          minmay_liquid_box
D:2:      layout_loops_ring, basic_altar, uniq_jessica, uniq_robin, uniq_terence
D:3:      layout_basic, corexii_leaking_fountain, uniq_sigmund
D:4:      layout_loops_ring, vehumet_crystals, uniq_pikel

Skill      XL: |  1  2  3  4  5  6  7 |
---------------+----------------------+-----
Crossbows      | 5 6 |  6.3
Short Blades   | 1 2 3 4 |  4.2
Stealth        | 2 3 4 5 |  5.0
Dodging        | 3 4 |  4.8
Fighting       | 3 4 |  4.2

Action                   |  1- 3 |  4- 6 |  7- 9 || total
-------------------------+-------+-------+-------++-------
Melee: Short sword       |    19 |       |       ||    19
       Dagger            |    19 |   121 |    28 ||   168
 Fire: Hand crossbow     |    27 |    74 |    23 ||   124
 Stab: Sleeping          |     5 |     9 |     4 ||    18
Armor: Leather armour    |     7 |    32 |     5 ||    44
Dodge: Dodged            |    33 |   112 |    16 ||   161

Table legend: (Time is in decaauts)
 A = Elapsed time spent in this place.
 B = Non-inter-level travel time spent in this place.
 C = Inter-level travel time spent in this place.
 D = Time resting spent in this place.
 E = Time spent auto-exploring this place.
 F = Levels seen in this place.
 G = Mean time per level.
                   A        B        C        D        E       F      G
               +--------+--------+--------+--------+--------+-----+--------+
         Total |   4376 |   4232 |    144 |    851 |   2666 |   4 | 1094.0 |
       Dungeon |   4376 |   4232 |    144 |    851 |   2666 |   4 | 1094.0 |
               +--------+--------+--------+--------+--------+-----+--------+

Top non-repeatable levels by time:
     D:2: 1295 daAuts
     D:3: 1180 daAuts
     D:4: 989 daAuts
     D:1: 911 daAuts
